 Dungeon Crawl Stone Soup version 0.28-a0-1506-g3893175d92 (webtiles) character file.

Game seed: 2303472171213130795

1274 enile the Fighter (level 8, -5/74 HPs)
             Began as a Minotaur Monk on Jan 14, 2022.
             Was a Believer of Ru.
             Slain by a vampire (11 damage)
             ... on level 6 of the Dungeon.
             The game lasted 00:08:49 (4808 turns).

enile the Fighter (Minotaur Monk)                   Turns: 4808, Time: 00:08:50

Health: -5/74      AC: 12    Str: 25    XL:     8   Next: 28%
Magic:  7/7        EV:  9    Int:  7    God:    Ru [**....]
Gold:   267        SH:  0    Dex: 14    Spells: 7/7 levels left

rFire   . . .      SeeInvis .   F - +5 dagger of Day {vorpal, Str+6 Dex+2 Stlth+}
rCold   . . .      Faith    .   H - orb {mayhem}
rNeg    . . .      Spirit   .   y - +2 chain mail {Will+}
rPois   +          Reflect  .   (helmet restricted)
rElec   +          Harm     .   (no cloak)
rCorr   +          Rampage  .   (no gloves)
Will    +....                   (no boots)
Stlth   ..........              c - amulet of the acrobat
HPRegen 0.22/turn               (no ring)
MPRegen 0.10/turn               (no ring)

@: resistant
A: horns 2, temperature sensitive, retaliatory headbutt
a: Renounce Religion


You were on level 6 of the Dungeon.
You worshipped Ru.
Ru was pleased with you.
You visited 1 branch of the dungeon, and saw 6 of its levels.

You collected 267 gold pieces.

Inventory:

Hand Weapons
 a - a +0 mace
 r - a +0 scythe
 t - a +0 flail of protection
 A - a +0 triple sword
 F - the +5 dagger of Day (weapon) {vorpal, Str+6 Dex+2 Stlth+}
   (You found it on level 5 of the Dungeon)

   It inflicts extra damage upon your enemies.
   Str:       It affects your strength (+6).
   Dex:       It affects your dexterity (+2).
   Stlth:     It makes you more stealthy.
Missiles
 f - 182 stones (quivered)
 l - 2 boomerangs
 B - 4 poisoned darts
Armour
 b - a +0 robe
 m - a +0 chain mail
 y - a +2 chain mail of willpower (worn)
 H - an orb of mayhem (worn)
Jewellery
 c - an amulet of the acrobat (around neck)
 u - a ring of flight
Wands
 w - a wand of paralysis (8)
Scrolls
 d - a scroll of fear {unknown}
 h - 2 scrolls of magic mapping
 j - a scroll of noise
 k - 2 scrolls of amnesia {unknown}
 n - 2 scrolls of enchant armour {unknown}
 o - 2 scrolls of identify {unknown}
 p - a scroll of immolation {unknown}
 q - 2 scrolls of teleportation {unknown}
 C - 2 scrolls of summoning
 D - 2 scrolls of torment {unknown}
 E - a scroll of enchant weapon {unknown}
Potions
 e - a potion of might {unknown}
 g - a potion of attraction {unknown}
 i - 5 potions of curing {unknown}
 s - a potion of heal wounds {unknown}
 v - a potion of ambrosia {unknown}
 x - a potion of invisibility {unknown}
 z - a potion of degeneration {unknown}
 G - a potion of resistance


   Skills:
 - Level 8.0 Fighting
 - Level 5.0 Long Blades
 - Level 4.0 Maces & Flails
 - Level 1.0 Polearms
 - Level 2.0 Throwing
 + Level 6.4 Armour
 - Level 3.2 Dodging
 - Level 3.0 Stealth


You had 7 spell levels left.
You didn't know any spells.
Your spell library contained the following spells:

 Spells                   Type           Power      Damage    Failure   Level
 Sandblast                Erth           0%         2d4       95%         1
 Slow                     Hex            0%         N/A       95%         1
 Passwall                 Tmut/Erth      0%         N/A       99%         2
 Confusing Touch          Hex            0%         N/A       100%        3
 Gell's Gravitas          Tloc           0%         N/A       100%        3
 Stone Arrow              Conj/Erth      0%         3d7       100%        3
 Teleport Other           Tloc           0%         N/A       100%        3
 Vampiric Draining        Necr           0%         2d6       100%        3
 Dispersal                Tloc           0%         N/A       100%        6


Dungeon Overview and Level Annotations

Branches:
Dungeon (6/15)             Temple (0/1) D:5

Altars:
Kikubaaqudgha
Okawaru
Ru
Yredelemnul

Shops:
D:1 ?:[

Annotations:
D:5 2 transporters, delverdan's ghost, amateur TrDe


Innate Abilities, Weirdness & Mutations

You have a pair of horns on your head.
You are sensitive to extremes of temperature. (rF-, rC-)
You reflexively headbutt those who attack you in melee.


Message History

You puncture the vampire!
The vampire is moderately damaged.
The vampire hits you! The vampire barely misses you.
You hit the vampire. Your headbutt misses the vampire.
The vampire is heavily damaged.
The vampire hits you. The vampire bites you.
The vampire draws strength from your injuries!
You puncture the vampire!
The vampire is severely damaged.
You hit the vampire but do no damage. You headbutt the vampire.
The vampire is severely damaged.
The vampire closely misses you. The vampire barely misses you.
You hit the vampire.
The vampire is almost destroyed.
The vampire barely misses you. The vampire closely misses you.
You hit the vampire but do no damage.
The vampire is almost destroyed.
The vampire gestures wildly while chanting.
The vampire flickers and vanishes!
Deactivating autopickup; reactivate with Ctrl-A.
You closely miss something. You headbutt something.
Something draws life force from you!
You miss something. Something draws life force from you!!
You hit something but do no damage. You hit something. Something hits you!
* * * LOW HITPOINT WARNING * * *
Something bites you but does no damage.
You barely miss something. You miss something.
You hit something but do no damage. Your headbutt misses something.
Something hits you!
* * * LOW HITPOINT WARNING * * *
Something bites you.
* * * LOW HITPOINT WARNING * * *
Something draws strength from your injuries!
Unknown command.
It was a potion of resistance.
You feel protected. Something hits you!
You die...

#..................#
#..................##
##########..........'.
##...######..........##
#.........#..........#
##.........#..........##
...........#...........#
....../{...#...........#
.......@...######....#.#
...........##........#..
...).......##........###
...........##........###
................#†#.....
..####..........#.######
. #..........#[#
##..........+.#
..............###


There were no monsters in sight!

Vanquished Creatures
  Grinder (D:5)
  Sigmund (D:2)
  A water moccasin (D:5)
  A black bear (D:4)
  A necrophage (D:5)
  A centaur (D:5)
  3 hounds
  2 jellies (D:5)
  A bullfrog skeleton (D:6)
  4 iguanas
  Ijyb (D:4)
  2 orc wizards (D:5)
  A mummy (D:5)
  A howler monkey skeleton (D:4)
  6 adders
  A shadow imp (D:5)
  4 worms
  3 dart slugs
  6 orcs
  9 ball pythons
  6 endoplasms
  6 giant cockroaches
  8 goblins
  7 hobgoblins
  4 jackals (D:1)
  6 kobolds
  5 quokkas
  6 bats
  4 frilled lizards
  A hobgoblin zombie (D:5)
  A kobold zombie (D:5)
  2 orc zombies (D:5)
  6 rats
112 creatures vanquished.

Vanquished Creatures (others)
  2 plants (D:1)
2 creatures vanquished.

Grand Total: 114 creatures vanquished

Notes
Turn   | Place    | Note
-------+----------+-------------------------------------------
     0 | D:1      | enile the Minotaur Monk began the quest for the Orb.
     0 | D:1      | Reached XP level 1. HP: 19/19 MP: 0/0
   112 | D:1      | Reached skill level 4 in Fighting
   241 | D:1      | Reached XP level 2. HP: 14/28 MP: 1/1
   426 | D:1      | Found a faded altar of an unknown god.
   500 | D:1      | Found Ukkilybe's Magic Scroll Shop.
   612 | D:1      | Reached skill level 5 in Fighting
   680 | D:1      | Reached XP level 3. HP: 36/36 MP: 2/2
   746 | D:1      | Found Bawing's Book Shoppe.
   753 | D:1      | Reached skill level 1 in Armour
   772 | D:1      | Found Zoopef's Antique Armour Shop.
  1637 | D:2      | Reached XP level 4. HP: 42/42 MP: 3/3
  1845 | D:2      | Noticed Sigmund
  1865 | D:2      | Killed Sigmund
  1866 | D:2      | Reached skill level 6 in Fighting
  1866 | D:2      | Reached XP level 5. HP: 36/50 MP: 4/4
  1974 | D:2      | Reached skill level 5 in Armour
  2245 | D:3      | Reached skill level 1 in Polearms
  2279 | D:3      | Reached XP level 6. HP: 57/57 MP: 5/5
  2729 | D:3      | Found a sacrificial altar of Ru.
  2729 | D:3      | Found an iron altar of Okawaru.
  2730 | D:3      | Found a basalt altar of Yredelemnul.
  2806 | D:3      | Became a worshipper of Ru the Awakened
  2820 | D:3      | Gained mutation: You are sensitive to extremes of
                  | temperature. (rF-, rC-) [Ru sacrifice]
  2820 | D:3      | Reached * piety under Ru
  2820 | D:3      | Reached ** piety under Ru
  3109 | D:4      | Reached skill level 1 in Throwing
  3273 | D:4      | Noticed Ijyb
  3281 | D:4      | Paralysed by Ijyb for 5 turns
  3293 | D:4      | Paralysed by Ijyb for 4 turns
  3298 | D:4      | Paralysed by Ijyb for 6 turns
  3306 | D:4      | Killed Ijyb
  3560 | D:5      | Entered Level 5 of the Dungeon
  3563 | D:5      | Reached XP level 7. HP: 64/64 MP: 6/6
  3632 | D:5      | Found an ancient bone altar of Kikubaaqudgha.
  3654 | D:5      | Reached skill level 7 in Fighting
  3654 | D:5      | Reached skill level 1 in Long Blades
  3825 | D:5      | Noticed Grinder
  3853 | D:5      | Killed Grinder
  3854 | D:5      | Reached skill level 5 in Long Blades
  3854 | D:5      | Reached XP level 8. HP: 65/73 MP: 7/7
  4341 | D:5      | Found a transporter.
  4344 | D:5      | Noticed delverdan's ghost (amateur TrDe)
  4347 | D:5      | Found a transporter.
  4577 | D:5      | Found a staircase to the Ecumenical Temple.
  4582 | D:5      | Identified the +5 dagger of Day {vorpal, Str+6 Dex+2
                  | Stlth+}
  4752 | D:6      | Reached skill level 8 in Fighting
  4808 | D:6      | Slain by a vampire

Illustrated notes

Levels and vault maps discovered:
D:1:      ncdulo_smallfort, layout_loops_corners, ebering_ecumenical_altar_box,
          serial_bayou, serial_bayou_ford_a, serial_bayou_shore_a,
          serial_bayou_pond_b, serial_bayou_pond_a, serial_shops, shop,
          nicolae_shop_overgrown_old_shop, nicolae_diamond_shop,
          kennysheep_minor_cross
D:2:      layout_loops_ring, kennysheep_generic_room_8, uniq_sigmund
D:3:      layout_loops_ring, gammafunk_temple_overflow_claw,
          kennysheep_nondescript
D:4:      layout_loops_ring, uniq_ijyb
D:5:      layout_loops_ring, kennysheep_mini, temple_hall,
          gammafunk_ghost_mausoleum, minmay_mini_ossuary, uniq_grinder
D:6:      layout_basic, elyvilon_altar_5, minmay_unpleasant_kobolds

Skill      XL: |  1  2  3  4  5  6  7  8 |
---------------+-------------------------+-----
Fighting       | 4 5 6 7 8 |  8.0
Armour         | 3 4 5 6 |  6.4
Polearms       | 1 |  1.0
Stealth        | 3 |  3.0
Throwing       | 2 |  2.0
Maces & Flails | 4 |  4.0
Long Blades    | 5 |  5.0
Dodging        | |  3.2

Action                   |  1- 3 |  4- 6 |  7- 9 || total
-------------------------+-------+-------+-------++-------
Melee: Mace              |    80 |    19 |       ||    99
       Headbutt          |    18 |    19 |    21 ||    58
       Punch             |     2 |       |       ||     2
       Scythe            |       |    30 |       ||    30
       Flail             |       |    83 |     8 ||    91
       Triple sword      |       |       |    49 ||    49
       Dagger            |       |       |    24 ||    24
Throw: Stone             |     2 |       |     4 ||     6
       Dart              |       |       |     4 ||     4
Invok: Sacrifice Resista |       |     1 |       ||     1
  Use: Scroll            |       |       |     3 ||     3
       Potion            |       |       |     1 ||     1
 Stab: Sleeping          |     1 |       |       ||     1
Armor: Robe              |     6 |       |       ||     6
       Chain mail        |     5 |    82 |    40 ||   127
Dodge: Dodged            |    62 |    69 |    38 ||   169

Table legend: (Time is in decaauts)
 A = Elapsed time spent in this place.
 B = Non-inter-level travel time spent in this place.
 C = Inter-level travel time spent in this place.
 D = Time resting spent in this place.
 E = Time spent auto-exploring this place.
 F = Levels seen in this place.
 G = Mean time per level.
                   A        B        C        D        E       F      G
               +--------+--------+--------+--------+--------+-----+--------+
         Total |   4927 |   4737 |    190 |      0 |   3865 |   6 |  821.2 |
       Dungeon |   4927 |   4737 |    190 |      0 |   3865 |   6 |  821.2 |
               +--------+--------+--------+--------+--------+-----+--------+

Top non-repeatable levels by time:
     D:1: 1185 daAuts
     D:5: 1159 daAuts
     D:2: 919 daAuts
     D:3: 807 daAuts
     D:4: 742 daAuts
     D:6: 113 daAuts
